 Dungeon Crawl Stone Soup version 0.21-a0-630-g344d351 (webtiles) character file.

35287 Amnesiac the Fighter (level 13, -2/113 HPs)
             Began as a Mummy Necromancer on Dec 26, 2017.
             Was a High Priest of Kikubaaqudgha.
             Killed from afar by a Hell Sentinel (30 damage)
             ... with damnation
             ... on level 2 of the Abyss.
             The game lasted 00:50:35 (18345 turns).

Amnesiac the Fighter (Mummy Necromancer)           Turns: 18345, Time: 00:50:37

Health: -2/113     AC:  9    Str: 12    XL:     13   Next: 46%
Magic:  4/23       EV: 19    Int: 21    God:    Kikubaaqudgha [*****.]
Gold:   1000       SH:  0    Dex: 12    Spells: 6/26 levels left

rFire    . . .     SeeInvis +   a - +0 hunting sling (flame)
rCold    + + +     Gourm    .   (no shield)
rNeg     + + +     Faith    .   K - +2 robe {rC+ rF+}
rPois    ∞         Spirit   .   m - +2 helmet {SInv}
rElec    .         Reflect  .   (no cloak)
rCorr    .         Harm     .   B - +0 pair of gloves
MR       +....                  e - +0 pair of boots
Stlth    ++........             (no amulet)
HPRegen  0.28/turn              c - ring of protection from cold
MPRegen  0.18/turn              E - +2 ring of intelligence

@: very slightly contaminated
A: no food or potions, fire vulnerability, cold resistance 1, negative energy
resistance 3, torment resistance, unbreathing, in touch with death 1
a: Receive Corpses, Torment, Renounce Religion


You were on level 2 of the Abyss.
You worshipped Kikubaaqudgha.
Kikubaaqudgha was extremely pleased with you.
You were not hungry.

You visited 4 branches of the dungeon, and saw 13 of its levels.
You visited the Abyss 1 time.
You also visited: Ossuary.

You collected 1511 gold pieces.
You spent 511 gold pieces at shops.

Inventory:

Hand Weapons
 a - a +0 hunting sling of flaming (weapon)
 b - a +2 rapier of electrocution
 C - a +1 short sword of venom
 G - a +1 falchion of flaming
 J - the +0 spear "Jyroyhul" {freeze, *Corrode rN+ MR+ Int+6}
   (You took it off an orc wizard on level 2 of the Orcish Mines)

   It has been specially enchanted to freeze those struck by it, causing extra
   injury to most foes and up to half again as much damage against particularly
   susceptible opponents.
   It can also slow down cold-blooded creatures.
   It affects your intelligence (+6).
   It protects you from negative energy.
   It affects your resistance to hostile enchantments.
   It may corrode you when you take damage.
Missiles
 f - 595 stones (quivered)
 k - 61 poisoned needles
 l - 7 needles of confusion
 M - 2 throwing nets
Armour
 e - a +0 pair of boots (worn)
 m - a +2 helmet of see invisible (worn)
 B - a +0 pair of gloves (worn)
 I - a +2 shield of protection
 K - a +2 robe of resistance (worn)
Jewellery
 c - a ring of protection from cold (left hand)
 w - an uncursed ring of teleportation
 E - a +2 ring of intelligence (right hand)
Wands
 n - a wand of random effects (23)
 p - a wand of flame (28)
 v - a wand of acid (7)
 x - a wand of polymorph (24)
Scrolls
 g - 2 scrolls of immolation {!r}
 h - 2 scrolls of enchant armour {!r}
 i - 9 scrolls of identify {!r}
 j - 2 scrolls of teleportation {!r}
 o - 3 scrolls of enchant weapon {!r}
 q - 3 scrolls of remove curse {!r}
 s - 4 scrolls of amnesia {!r}
 u - 3 scrolls of magic mapping {!r}
 A - a scroll of noise {!r}
 F - 2 scrolls of vulnerability {!r}
Books
 r - Kikubaaqudgha's Catalogue of Black Rites
   (Kikubaaqudgha gifted it to you on level 8 of the Dungeon)

   Spells                             Type                      Level
   a - Animate Skeleton               Necromancy                   1
   b - Pain                           Necromancy                   1
   c - Corpse Rot                     Necromancy                   2
   d - Vampiric Draining              Necromancy                   3
 t - the Handbook of Enchantment and the Voyage
   (You found it on level 2 of the Orcish Mines)

   Spells                             Type                      Level
   a - Shroud of Golubria             Charms/Translocation         2
   b - Blink                          Translocation                2
   c - Dazzling Spray                 Conjuration/Hexes            3
   d - Yara's Violent Unravelling     Hexes/Transmutation          5
   e - Disjunction                    Translocation                8
 z - a book of Necromancy

   Spells                             Type                      Level
   a - Pain                           Necromancy                   1
   b - Animate Skeleton               Necromancy                   1
   c - Vampiric Draining              Necromancy                   3
   d - Regeneration                   Charms/Necromancy            3
   e - Animate Dead                   Necromancy                   4
   f - Borgnjor's Vile Clutch         Necromancy/Earth             5
 D - a book of Power

   Spells                             Type                      Level
   a - Iskenderun's Battlesphere      Conjuration/Charms           5
   b - Venom Bolt                     Conjuration/Poison           5
   c - Bolt of Magma                  Conjuration/Fire/Earth       5
   d - Iron Shot                      Conjuration/Earth            6
   e - Orb of Destruction             Conjuration                  7
   f - Spellforged Servitor           Conjuration/Summoning        7
 H - Cifysubb's Reference Book on Enchanting Protection
   (You found it on level 9 of the Dungeon)

   Spells                             Type                      Level
   a - Spectral Weapon                Hexes/Charms                 3
   b - Leda's Liquefaction            Hexes/Earth                  4
   c - Metabolic Englaciation         Hexes/Ice                    5
   d - Discord                        Hexes                        8
 L - Kikubaaqudgha's Almanac of Darkness
   (Kikubaaqudgha gifted it to you on level 1 of the Orcish Mines)

   Spells                             Type                      Level
   a - Animate Dead                   Necromancy                   4
   b - Borgnjor's Vile Clutch         Necromancy/Earth             5
   c - Dispel Undead                  Necromancy                   5
   d - Simulacrum                     Ice/Necromancy               6
   e - Death Channel                  Necromancy                   6


   Skills:
 + Level 14.1 Fighting
 + Level 12.1 Dodging
 - Level 1.5 Stealth
 - Level 7.0 Spellcasting
 - Level 7.0 Necromancy
 - Level 7.0 Earth Magic


You had 6 spell levels left.
You knew the following spells:

 Your Spells              Type           Power        Failure   Level  Hunger
a - Pain                  Necr           ####         1%          1    N/A
b - Animate Skeleton      Necr           N/A          1%          1    N/A
c - Spectral Weapon       Hex/Chrm       #.......     26%         3    N/A
d - Vampiric Draining     Necr           ######....   1%          3    N/A
e - Borgnjor's Vile Clut  Necr/Erth      ######....   14%         5    N/A
v - Blink                 Tloc           N/A          13%         2    N/A
w - Dispel Undead         Necr           ######..     14%         5    N/A

Dungeon Overview and Level Annotations

Branches:
Dungeon (9/15)             Temple (1/1) D:7             Orc (2/2) D:9
    Elf (1/3) Orc:2
   Lair: D:8-11

Altars:
Ashenzari
Cheibriados
Dithmenos
Elyvilon
Fedhas
Gozag
Hepliaklqana
Kikubaaqudgha
Makhleb
Nemelex Xobeh
Okawaru
Qazlal
Ru
Sif Muna
Trog
Uskayaw
Vehumet
Wu Jian
Xom
Yredelemnul
Zin
The Shining One
Beogh

Shops:
D:4 ?   Orc:2 (}(?

Annotations:
Orc:1 exclusion: 2 downstairs


Innate Abilities, Weirdness & Mutations

You do not eat or drink.
Your flesh is vulnerable to fire.
You are immune to poison.
Your flesh is cold resistant. (rC+)
You are immune to negative energy. (rN+++)
You are immune to unholy pain and torment.
You can survive without breathing.
You are in touch with the powers of death.


Message History

Aim: a thrashing horror You feel a surge of power!
You miscast Borgnjor's Vile Clutch.
You are very lightly contaminated with residual magic.
You feel a surge of energy from the ground.
The thrashing horror tramples you but does no damage.
The thrashing horror completely misses you.
The thrashing horror closely misses you.
The thrashing horror tramples you but does no damage.
Casting: Borgnjor's Vile Clutch
Confirm with . or Enter, or press ? or * to list all spells.
Aiming: Borgnjor's Vile Clutch
Press: ? - help, Dir - move target cursor, f/p - thrashing horror
Aim: a thrashing horror You feel a surge of power!
You miscast Borgnjor's Vile Clutch.
The floor vibrates.
The thrashing horror closely misses you.
The thrashing horror completely misses you.
The thrashing horror roars!
Casting: Borgnjor's Vile Clutch
Confirm with . or Enter, or press ? or * to list all spells.
Aiming: Borgnjor's Vile Clutch
Press: ? - help, Dir - move target cursor, f/p - thrashing horror
Aim: a thrashing horror You feel a surge of power!
Decaying hands burst forth from the earth!
Zombie hands grab the thrashing horror.
The zombie hands constrict the thrashing horror!
The thrashing horror closely misses you.
The thrashing horror misses you. The thrashing horror tramples you.
* * * LOW HITPOINT WARNING * * *
You hold your ground!
The thrashing horror tramples you but does no damage.
Firing (i - inventory. (,) - cycle):
f - 589 stones (quivered)
Press: ? - help, Shift-Dir - straight line, f/p - thrashing horror
Aim: a thrashing horror (lightly damaged, constricted by zombie hands)
You shoot a stone.
The stone hits the thrashing horror but does no damage.
The thrashing horror is lightly damaged.
The zombie hands constrict the thrashing horror!!
The thrashing horror completely misses you.
The thrashing horror tramples you.
* * * LOW HITPOINT WARNING * * *
You hold your ground!
The thrashing horror struggles to escape constriction.
You are too injured to fight recklessly!
Firing (i - inventory. (,) - cycle):
f - 588 stones (quivered)
Press: ? - help, Shift-Dir - straight line, f/p - thrashing horror
Aim: a thrashing horror (heavily damaged, constricted by zombie hands)
You shoot a stone. The stone hits the thrashing horror.
The stone burns the thrashing horror.
The thrashing horror is severely damaged.
The zombie hands constrict the thrashing horror!
You destroy the thrashing horror!
Kikubaaqudgha accepts your kill.
f - 594 stones (gained 7)
Things that are here:
a long sword; a robe
f - 595 stones (gained 1)
A Hell Sentinel comes into view.
The Hell Sentinel roars!
The Hell Sentinel gestures at you.
The sphere of damnation explodes!
The damnation engulfs you!
You die...
Kikubaaqudgha rasps: "You have failed me!
Welcome... oblivion!"

#... ##
#......
#.....#
#..... #....#
. #....# .
... # . #.#
#@## .
...##..###
...(.....).#
..#....####..
#1##.. . #.
#.# ...# .
..# .. ...#
.. . . ##.#.
.


You could see a Hell Sentinel.

Vanquished Creatures
  2 tentacled starspawn (Abyss:2)
  A green death (Abyss:2)
  Josephine (Orc:1)
  A rakshasa (Abyss:2)
  A hydra (D:8)
  4 two-headed ogres
  4 orc high priests (Orc:2)
  2 thrashing horrors (Abyss:2)
  Pikel (D:4)
  4 orc knights
  5 deep elf magi (Elf:1)
  7 orc sorcerers (Orc:2)
  A cyclops (Orc:2)
  A large abomination (Abyss:2)
  A freezing wraith (Abyss:2)
  4 trolls
  5 raiju (Abyss:2)
  2 dream sheep (D:8)
  Sigmund (D:3)
  A small abomination (Abyss:2)
  A wyvern (D:9)
  Eustachio (D:7)
  2 yaks (D:8)
  A hungry ghost (D:9)
  6 wraiths
  Menkaure (D:4)
  Edmund (D:4)
  3 wargs
  A water moccasin (D:8)
  Duvessa (D:5)
  4 slaves (D:4)
  44 orc warriors
  4 phantoms
  16 ogres
  A centaur (D:7)
  Blork the orc (D:4)
  5 big kobolds (D:8)
  An elf zombie (Ossuary)
  2 bullfrogs
  Dowan (D:5)
  3 scorpions
  6 killer bees (D:7)
  A howler monkey (D:4)
  7 crimson imps
  2 centaur zombies (Ossuary)
  3 jellies
  A quasit (Abyss:2)
  30 orc priests
  2 bullfrog skeletons
  A human zombie (Ossuary)
  A centaur skeleton (D:6)
  6 hounds
  26 orc wizards
  2 iron imps (Abyss:2)
  Ijyb (D:5)
  Terence (D:1)
  2 iguanas
  6 worker ants
  A hound zombie (D:5)
  2 mummies (Ossuary)
  Robin (D:3)
  A howler monkey zombie (D:7)
  3 gnolls (D:7)
  A howler monkey skeleton (D:8)
  3 river rats (D:5)
  6 adders
  5 shadow imps
  2 oozes
  2 adder zombies (Ossuary)
  3 worms
  A dart slug (D:2)
  5 leopard geckos
  109 orcs
  A ball python (D:5)
  7 bats
  4 giant cockroaches
  19 goblins
  17 hobgoblins
  16 jackals
  6 quokkas
  7 frilled lizards
  A goblin zombie (D:5)
  11 hobgoblin zombies (Ossuary)
  2 jackal zombies (Ossuary)
  19 kobolds
  12 kobold zombies
  A leopard gecko zombie (D:2)
  5 orc zombies (Ossuary)
  A quokka skeleton (D:6)
  12 rats
  2 rat zombies (Ossuary)
  4 plants (D:8)
539 creatures vanquished.

Vanquished Creatures (collateral kills)
  A rat (D:2)
1 creature vanquished.

Vanquished Creatures (others)
  5 starspawn tentacles (Abyss:2)
5 creatures vanquished.

Grand Total: 545 creatures vanquished

Notes
Turn   | Place    | Note
-------+----------+-------------------------------------------
     0 | D:1      | Amnesiac the Mummy Necromancer began the quest for the Orb.
     0 | D:1      | Reached XP level 1. HP: 13/13 MP: 4/4
   198 | D:1      | Reached XP level 2. HP: 19/19 MP: 1/6
   828 | D:2      | Reached XP level 3. HP: 19/24 MP: 8/8
   833 | D:2      | Learned a level 3 spell: Vampiric Draining
   901 | D:2      | Learned a level 1 spell: Animate Skeleton
   994 | D:2      | Noticed Terence
  1179 | D:1      | Killed Terence
  1179 | D:1      | Reached XP level 4. HP: 21/30 MP: 0/10
  1668 | D:3      | Reached skill level 5 in Necromancy
  1802 | D:3      | Reached skill level 5 in Spellcasting
  1815 | D:3      | Noticed Robin
  2026 | D:3      | Killed Robin
  2026 | D:3      | Reached XP level 5. HP: 17/35 MP: 0/12
  2040 | D:3      | Learned a level 5 spell: Borgnjor's Vile Clutch
  2304 | D:3      | Noticed Sigmund
  2334 | D:3      | Killed Sigmund
  2334 | D:3      | Reached XP level 6. HP: 32/41 MP: 0/14
  2855 | D:4      | Found a radiant altar of Vehumet.
  2899 | D:4      | Found an iron altar of Okawaru.
  2901 | D:4      | Noticed Menkaure
  2915 | D:4      | Killed Menkaure
  2954 | D:4      | Noticed Eustachio
  2985 | D:4      | Noticed Edmund
  3037 | D:4      | Reached XP level 7. HP: 36/46 MP: 8/16
  3070 | D:4      | Killed Edmund
  3469 | D:4      | Noticed Blork the orc
  3495 | D:4      | Killed Blork the orc
  3597 | D:4      | Found Qivagh's Magic Scroll Emporium.
  3604 | D:4      | Noticed Pikel
  3618 | D:4      | Killed Pikel
  3618 | D:4      | Reached XP level 8. HP: 40/52 MP: 8/17
  3641 | D:4      | Bought a scroll of fear for 49 gold pieces
  3641 | D:4      | Bought a scroll of remove curse for 42 gold pieces
  3641 | D:4      | Bought a scroll of random uselessness for 14 gold pieces
  3995 | D:5      | Entered Level 5 of the Dungeon
  4009 | D:5      | Noticed Ijyb
  4126 | D:5      | Noticed Duvessa
  4128 | D:5      | Noticed Dowan
  4131 | D:5      | Killed Duvessa
  4131 | D:5      | Killed Dowan
  4190 | D:5      | Found a sand-covered staircase.
  4221 | Ossuary  | Entered an ossuary
  4768 | D:5      | Killed Ijyb
  5268 | D:4      | Found Qivagh's Magic Scroll Emporium.
  5507 | D:4      | Found an iron altar of Okawaru.
  5591 | D:4      | Found a radiant altar of Vehumet.
  5673 | D:6      | Reached skill level 1 in Fighting
  5757 | D:6      | Found an opulent altar of Gozag.
  5771 | D:6      | Reached skill level 2 in Fighting
  5771 | D:6      | Reached XP level 9. HP: 37/61 MP: 8/19
  6450 | D:6      | Reached skill level 3 in Fighting
  6879 | D:7      | Reached skill level 4 in Fighting
  6880 | D:7      | Killed Eustachio
  7097 | D:7      | Reached skill level 5 in Fighting
  7347 | D:7      | Found a staircase to the Ecumenical Temple.
  7484 | Temple   | Entered the Ecumenical Temple
  7683 | Temple   | Became a worshipper of Kikubaaqudgha
  7835 | D:4      | Bought a scroll of blinking for 105 gold pieces
  7835 | D:4      | Bought a scroll of enchant weapon for 105 gold pieces
  8000 | D:8      | Reached skill level 6 in Fighting
  8000 | D:8      | Reached skill level 5 in Dodging
  8003 | D:8      | Reached XP level 10. HP: 55/76 MP: 4/20
  8455 | D:8      | Noticed a two-headed ogre
  8465 | D:8      | Killed a two-headed ogre
  8465 | D:8      | Reached skill level 7 in Fighting
  8470 | D:8      | HP: 1/79 [orc wizard/puff of flame (10)]
  8776 | D:8      | Reached * piety under Kikubaaqudgha
  8776 | D:8      | Identified Kikubaaqudgha's Catalogue of Black Rites (Kikubaaqudgha gifted it to you on level 8 of the Dungeon)
  8776 | D:8      | Received a gift from Kikubaaqudgha
  9187 | D:8      | HP: 3/79 [water moccasin (7)]
  9557 | D:8      | Noticed a two-headed hydra
  9568 | D:8      | Killed a two-headed hydra
  9568 | D:8      | Reached skill level 8 in Fighting
  9576 | D:8      | Noticed a reaper
 10187 | D:9      | Identified Cifysubb's Reference Book on Enchanting Protection
 10235 | D:9      | Found a staircase to the Orcish Mines.
 10242 | D:9      | Reached ** piety under Kikubaaqudgha
 10441 | D:9      | Noticed a dagger
 10443 | D:9      | Noticed a hand axe
 10756 | D:9      | Reached skill level 9 in Fighting
 10776 | D:9      | Got a steaming whip
 10805 | D:9      | Reached XP level 11. HP: 79/89 MP: 2/21
 11094 | D:9      | Found a hide-covered altar of Uskayaw.
 11487 | D:4      | Bought a scroll of vulnerability for 105 gold pieces
 11488 | D:4      | Bought a scroll of fear for 49 gold pieces
 11488 | D:4      | Bought a scroll of teleportation for 42 gold pieces
 11637 | Orc:1    | Entered Level 1 of the Orcish Mines
 11781 | Orc:1    | Reached *** piety under Kikubaaqudgha
 11781 | Orc:1    | Identified Kikubaaqudgha's Almanac of Darkness (Kikubaaqudgha gifted it to you on level 1 of the Orcish Mines)
 11781 | Orc:1    | Received a gift from Kikubaaqudgha
 11874 | D:9      | Learned a level 5 spell: Dispel Undead
 12048 | Orc:1    | Found a bloodstained altar of Trog.
 12149 | Orc:1    | Noticed Josephine
 12167 | Orc:1    | Killed Josephine
 12423 | Orc:1    | Noticed an orc knight
 12504 | Orc:1    | Reached skill level 10 in Fighting
 12506 | Orc:1    | Killed an orc knight
 12672 | Orc:2    | Entered Level 2 of the Orcish Mines
 12680 | Orc:2    | Noticed a two-headed ogre
 12692 | Orc:2    | Reached **** piety under Kikubaaqudgha
 12695 | Orc:2    | Noticed a two-headed ogre
 13043 | Orc:2    | Noticed an orc sorcerer
 13051 | Orc:2    | Killed an orc sorcerer
 13060 | Orc:2    | Found a roughly hewn altar of Beogh.
 13117 | Orc:2    | Noticed a two-headed ogre
 13117 | Orc:2    | Noticed an orc sorcerer
 13117 | Orc:2    | Noticed an orc knight
 13120 | Orc:2    | Killed an orc sorcerer
 13124 | Orc:2    | Killed an orc knight
 13125 | Orc:2    | Killed a two-headed ogre
 13180 | Orc:2    | Reached skill level 11 in Fighting
 13806 | Orc:2    | Got a smoking spear {freeze}
 13807 | Orc:2    | Identified the cursed +0 spear "Jyroyhul" {freeze, *Corrode rN+ MR+ Int+6} (You took it off an orc wizard on level 2 of the Orcish Mines)
 13996 | Orc:2    | Killed a two-headed ogre
 13996 | Orc:2    | Reached XP level 12. HP: 41/100 MP: 10/22
 14003 | Orc:2    | Reached ***** piety under Kikubaaqudgha
 14400 | Orc:2    | Killed a two-headed ogre
 14400 | Orc:2    | Reached skill level 10 in Dodging
 14661 | Orc:2    | Found Quus's Gadget Emporium.
 14671 | Orc:2    | Reached skill level 12 in Fighting
 14811 | Orc:2    | Found Nilofi Vogh's Weapon Shoppe.
 15658 | Orc:2    | Noticed an orc warlord
 15974 | Orc:2    | Found a roughly hewn altar of Beogh.
 16071 | Orc:2    | Noticed an orc high priest
 16078 | Orc:2    | Killed an orc high priest
 16119 | Orc:2    | Found Eddaklig's Weapon Emporium.
 16159 | Orc:2    | Noticed an orc high priest
 16173 | Orc:2    | Killed an orc high priest
 16328 | Orc:2    | Noticed an orc high priest
 16335 | Orc:2    | Killed an orc high priest
 16414 | Orc:2    | Noticed an orc high priest
 16418 | Orc:2    | Found Fip Hucw's Magic Scroll Shop.
 16423 | Orc:2    | Killed an orc high priest
 16541 | Orc:2    | Reached skill level 13 in Fighting
 16550 | Orc:2    | Identified the Handbook of Enchantment and the Voyage
 16662 | Orc:2    | Found a staircase to the Elven Halls.
 16892 | Orc:2    | Learned a level 2 spell: Blink
 16896 | Orc:2    | Learned a level 3 spell: Spectral Weapon
 16967 | Elf:1    | Entered Level 1 of the Elven Halls
 16972 | Elf:1    | Gained mutation: You are in touch with the powers of death. [Mummy growth]
 16972 | Elf:1    | Reached XP level 13. HP: 111/111 MP: 12/23
 17078 | Elf:1    | Noticed a deep elf sorcerer
 17078 | Elf:1    | Cast into level 2 of the Abyss (a wizard)
 17090 | Abyss:2  | Found a bloodstained altar of Trog.
 17237 | Abyss:2  | Noticed a tentacled starspawn
 17246 | Abyss:2  | Killed a tentacled starspawn
 17419 | Abyss:2  | Found a corrupted altar of Lugonu.
 17467 | Abyss:2  | Noticed a green death
 17482 | Abyss:2  | Killed a green death
 17890 | Abyss:2  | Noticed a tentacled starspawn
 17898 | Abyss:2  | Killed a tentacled starspawn
 17941 | Abyss:2  | Found a corrupted altar of Lugonu.
 18030 | Abyss:2  | HP: 5/112 [raiju/living lightning (13)]
 18170 | Abyss:2  | Noticed a Hell Sentinel
 18324 | Abyss:2  | Reached skill level 14 in Fighting
 18345 | Abyss:2  | Noticed a Hell Sentinel
 18345 | Abyss:2  | Killed from afar by a Hell Sentinel

Vault maps used:
D:1:      minmay_arrival_open_corners, corexii_hall_statues_l
D:2:      uniq_terence
D:3:      kennysheep_generic_room_3, uniq_robin, uniq_sigmund
D:4:      okawaru_trees_2, vehumet_altar_wand_db, serial_shops, shop,
          minmay_strange_pillars, minmay_misc_feat_room, uniq_edmund,
          uniq_blork_the_orc, uniq_pikel, uniq_menkaure, uniq_eustachio
D:5:      enter_ossuary_3, first_ration, portal_sewer_entry_e, uniq_ijyb,
          uniq_duvessa
D:6:      nicolae_gozag_seed_capital
D:7:      minmay_temple_entry_water_ring
D:8:      hangedman_ranch
D:9:      dancing_weapons_uskayaw, erik_orc_3
Temple:   dpeg_five_rooms_temple
Orc:1:    trog_hazing_becter, uniq_josephine
Orc:2:    pubby_orc_utopia
Elf:1:    eino_elf_arrival_sip, serial_shops, nicolae_shop_behind_doors,
          nicolae_shop_crystal, hangedman_elf_disciples, uniq_roxanne
Ossuary:  ossuary_tomb_1

Skill      XL: |  1  2  3  4  5  6  7  8  9 10 11 12 13 |
---------------+----------------------------------------+-----
Spellcasting   | 3 4 5 6 7 |  7.0
Necromancy     | 5 6 7 |  7.0
Earth Magic    | 2 3 6 7 |  7.0
Fighting       | 2 6 9 11 13 14 | 14.1
Dodging        | 5 7 9 11 12 | 12.1
Stealth        | |  1.5

Action                   |  1- 3 |  4- 6 |  7- 9 | 10-12 | 13-15 || total
-------------------------+-------+-------+-------+-------+-------++-------
Melee: Unarmed           |    14 |       |       |       |       ||    14
       Dagger            |    22 |    24 |       |       |       ||    46
       Short sword       |       |       |       |    66 |       ||    66
 Fire: Hunting sling     |       |    74 |   492 |   625 |    44 ||  1235
 Cast: Pain              |    59 |    91 |     3 |       |       ||   153
       Animate Skeleton  |     4 |       |       |       |       ||     4
       Vampiric Draining |     1 |     5 |    19 |    28 |     6 ||    59
       Borgnjor's Vile C |       |       |    27 |   116 |    19 ||   162
       Dispel Undead     |       |       |       |     6 |     7 ||    13
       Blink             |       |       |       |       |     2 ||     2
Evoke: Wand              |       |       |       |     1 |     6 ||     7
  Use: Scroll            |       |     3 |     4 |     7 |     4 ||    18
Armor: Robe              |    12 |    27 |   117 |   121 |    22 ||   299
       Troll leather arm |       |       |       |    23 |       ||    23
Dodge: Dodged            |    36 |    80 |   251 |   431 |    71 ||   869

Table legend:
 A = Spawn XP
 B = Non-spawn XP
 C = Spawn XP percentage of total XP
 D = Spawn monster count
 E = Non-spawn monster count
 F = Spawn count percentage of total count
 G = Total turns spent on level
                    A         B        C        D         E        F      G
               +---------+---------+-------+---------+---------+-------+---------
         Total |    8781 |   41629 |  17.4 |      17 |     515 |   3.2 | 18345
               +---------+---------+-------+---------+---------+-------+---------
           D:1 |       0 |      66 |   0.0 |       0 |      18 |   0.0 |   883
           D:2 |       0 |      60 |   0.0 |       0 |      24 |   0.0 |   729
           D:3 |       0 |     376 |   0.0 |       0 |      46 |   0.0 |  1242
           D:4 |       0 |    1402 |   0.0 |       0 |      18 |   0.0 |  1742
           D:5 |       0 |     475 |   0.0 |       0 |      27 |   0.0 |   856
           D:6 |       0 |     691 |   0.0 |       0 |      19 |   0.0 |  1043
           D:7 |       0 |    1491 |   0.0 |       0 |      26 |   0.0 |  1440
           D:8 |       0 |    4694 |   0.0 |       0 |      58 |   0.0 |  1921
           D:9 |       0 |    2322 |   0.0 |       0 |      50 |   0.0 |  1341
         Orc:1 |       0 |    3810 |   0.0 |       0 |      34 |   0.0 |  1223
         Orc:2 |       0 |   20642 |   0.0 |       0 |     150 |   0.0 |  3937
         Elf:1 |       0 |    2831 |   0.0 |       0 |       5 |   0.0 |   111
       Abyss:2 |    8781 |    2467 |  78.1 |      17 |       1 |  94.4 |  1267
       Ossuary |       0 |     302 |   0.0 |       0 |      39 |   0.0 |   358
               +---------+---------+-------+---------+---------+-------+---------
